 Dungeon Crawl Stone Soup version 0.29.0-4-gdea44cf6ec (webtiles) character file.

Game seed: 9129496734145129916

639 qw the Chopper (level 7, 0/43 HPs)
             Began as a Gargoyle Delver on Sept 10, 2022.
             Killed from afar by a white imp (3 damage)
             ... with a puff of frost
             ... on level 5 of the Dungeon.
             The game lasted 00:01:47 (5566 turns).

qw the Chopper (Gargoyle Delver)                    Turns: 5566, Time: 00:01:47

Health: 0/43       AC: 15    Str: 24    XL:     7   Next: 50%
Magic:  7/7        EV:  8    Int: 10    God:
Gold:   143        SH:  0    Dex: 11    Spells: 6/6 levels left

rFire   . . .      SeeInvis +   Y - +1 war axe
rCold   . . .      Faith    .   (no shield)
rNeg    + . .      Spirit   .   a - +0 chain mail
rPois   inf        Reflect  .   (no helmet)
rElec   +          Harm     .   b - +0 cloak
rCorr   .          Rampage  .   (no gloves)
Will    .....                   (no boots)
Stlth   ..........              (no amulet)
HPRegen 0.14/turn               j - +6 ring of strength
MPRegen 0.10/turn               l - ring of see invisible

@: about to teleport
A: sickness immunity, AC +4, negative energy resistance 1, electricity
resistance, torment resistance 1, petrification resistance, hooves 1, wild magic
1
a: no special abilities


You were on level 5 of the Dungeon.
You visited 1 branch of the dungeon, and saw 5 of its levels.

You collected 308 gold pieces.
You spent 165 gold pieces at shops.


Innate Abilities, Weirdness & Mutations

You are immune to sickness and miasma.
Your stone body is resilient. (AC +4)
You are immune to poison.
You resist negative energy. (rN+)
You are resistant to electric shocks. (rElec)
You are resistant to unholy torment.
You are immune to petrification.
You have large cloven feet.
Your spells are a little harder to cast, but a little more powerful.


   Skills:
 - Level 4.0 Fighting
 + Level 6.5 Axes
 - Level 3.3 Armour
 - Level 1.5 Dodging
 - Level 5.4 Stealth


You had 6 spell levels left.
You didn't know any spells.
Your spell library was empty.

Inventory:

Hand Weapons
 k - a +0 flail
 Y - a +1 war axe (weapon)
Missiles
 d - 3 boomerangs (quivered)
Armour
 a - a +0 chain mail (worn)
 b - a +0 cloak (worn)
Jewellery
 j - a +6 ring of strength (left hand)
 l - a ring of see invisible (right hand)
Wands
 g - a wand of digging (3)
Scrolls
 h - a scroll of teleportation
Potions
 c - a potion of ambrosia {unknown}
 e - a potion of mutation
 f - a potion of haste
 i - 2 potions of might

Dungeon Overview and Level Annotations

Branches:
Dungeon (5/15)             Temple (0/1) D:5

Altars:
Fedhas

Shops:
D:5 =


Message History

The gnoll hits you from afar with a +0 spear.
You hit the gnoll sergeant.
You kill the gnoll sergeant!
You slash the gnoll!
The gnoll hits you from afar with a +0 spear.
The gnoll barely misses you.
You hit the gnoll.
You kill the gnoll!
The gnoll barely misses you. The gnoll barely misses you.
A gnoll comes into view. It is wielding a +0 flail.
The gnoll hits you but does no damage.
Things that are here:
a +0 whip; 5 stones You hit the gnoll.
You kick the gnoll.
The gnoll is heavily wounded.
The gnoll hits you with a +0 spear.
The gnoll hits you from afar with a +0 spear.
The gnoll hits you but does no damage. The gnoll completely misses you.
5563 ||| READING 3 scrolls of teleportation.
As you read the scroll of teleportation, it crumbles to dust.
You feel strangely unstable. The gnoll hits you but does no damage.
The gnoll hits you from afar with a +0 spear.
You slash the gnoll!
You kill the gnoll!
The gnoll hits you but does no damage.
You slash the adder!
The adder is severely wounded.
Your surroundings suddenly seem different.
A white imp comes into view.
Found a stone staircase leading down.
The white imp shouts, "Slither home, thou pecksniffian fen-sucked socdollager!"
Enter note:
5566 ||| READING 2 scrolls of teleportation.
As you read the scroll of teleportation, it crumbles to dust.
You feel strangely unstable. The white imp gestures at you.
The puff of frost hits you.
You die...

. #%#..##....#...
.##.....##.....##..
..#..8..#. ...## #>
.......... ..#
.......|.##
#.........
.........######
##......5.#
#.>@.......
#..........
#..........
#...........
.............
#.#......#..##
###......##.#
#..#..## ##


You could see a white imp.

Vanquished Creatures
  A black bear (D:5)
  An ogre (D:5)
  A gnoll sergeant (D:5)
  A hound (D:4)
  4 jellies
  3 orc wizards
  2 gnolls (D:5)
  4 adders
  A shadow imp (D:4)
  4 dart slugs
  10 orcs
  6 bats
  7 endoplasms
  4 giant cockroaches
  8 goblins
  8 hobgoblins
  3 jackals (D:1)
  3 quokkas
  9 ball pythons
  A frilled lizard (D:2)
  9 kobolds
  7 rats
97 creatures vanquished.

Vanquished Creatures (others)
  4 fungi (D:3)
  2 plants (D:3)
6 creatures vanquished.

Grand Total: 103 creatures vanquished

Notes
Turn   | Place    | Note
-------+----------+-------------------------------------------
     0 | D:5      | qw the Gargoyle Delver began the quest for the Orb.
     0 | D:5      | Reached XP level 1. HP: 14/14 MP: 1/1
     0 | D:5      | 0 ||| qw: Version: 0.1-a-116-g5d60599
     0 | D:5      | 0 ||| qw: Game counter: 9164
     0 | D:5      | 0 ||| qw: Always use a shield: true
     0 | D:5      | 0 ||| qw: God list: Okawaru
     0 | D:5      | 0 ||| qw: Allow faded altars: false
     0 | D:5      | 0 ||| qw: Do Orc after D:15 true
     0 | D:5      | 0 ||| qw: Do second Lair branch before Depths: true
     0 | D:5      | 0 ||| qw: Lair rune preference: random
     0 | D:5      | 0 ||| qw: Plans: Normal
     0 | D:5      | 0 ||| PLANNING D:1-11
     0 | D:5      | 0 ||| DROPPING scroll of fog.
     1 | D:5      | 1 ||| DROPPING scroll of magic mapping.
     2 | D:5      | 2 ||| DROPPING scroll of fear.
   116 | D:4      | Reached skill level 2 in Axes
   116 | D:4      | Reached XP level 2. HP: 18/19 MP: 2/2
   212 | D:4      | 212 ||| READING scroll labelled KOBOPNOMUS.
   219 | D:4      | 219 ||| Stepping ~*~*~tactically~*~*~ (hiding).
   494 | D:3      | 494 ||| Stepping ~*~*~tactically~*~*~ (stealth).
   503 | D:3      | Reached skill level 3 in Axes
   503 | D:3      | Reached XP level 3. HP: 16/23 MP: 3/3
   598 | D:3      | Found a blossoming altar of Fedhas.
   621 | D:3      | 621 ||| DROPPING +0 club.
   693 | D:3      | 693 ||| DRINKING 2 blue potions.
   693 | D:3      | Gained mutation: Your body sometimes deteriorates upon
                  | taking damage. [potion of mutation]
   693 | D:3      | Gained mutation: You sometimes lose your temper in combat.
                  | [potion of mutation]
   693 | D:3      | Gained mutation: You are robust. (+10% HP) [potion of
                  | mutation]
   713 | D:3      | 713 ||| DRINKING potion of mutation.
   713 | D:3      | Lost mutation: Your body sometimes deteriorates upon taking
                  | damage. [potion of mutation]
   713 | D:3      | Lost mutation: You are robust. (+10% HP) [potion of
                  | mutation]
   713 | D:3      | Lost mutation: You sometimes lose your temper in combat.
                  | [potion of mutation]
   713 | D:3      | Gained mutation: Your spells are a little harder to cast,
                  | but a little more powerful. [potion of mutation]
   713 | D:3      | Gained mutation: You have large cloven feet. [potion of
                  | mutation]
   803 | D:2      | 803 ||| SWAPPING to +0 war axe.
   804 | D:2      | 804 ||| DROPPING +1 hand axe.
   878 | D:2      | 878 ||| Stepping ~*~*~tactically~*~*~ (stealth).
   942 | D:2      | Reached XP level 4. HP: 28/28 MP: 4/4
   962 | D:2      | Reached skill level 4 in Axes
   962 | D:2      | 962 ||| READING scroll labelled POQOIXK ONIALO.
  1073 | D:1      | 1073 ||| Stepping ~*~*~tactically~*~*~ (stealth).
  1074 | D:1      | 1074 ||| Stepping ~*~*~tactically~*~*~ (stealth).
  1076 | D:1      | 1076 ||| Stepping ~*~*~tactically~*~*~ (stealth).
  1078 | D:1      | 1078 ||| Stepping ~*~*~tactically~*~*~ (stealth).
  1255 | D:1      | 1255 ||| Stepping ~*~*~tactically~*~*~ (stealth).
  1257 | D:1      | 1257 ||| Stepping ~*~*~tactically~*~*~ (stealth).
  1258 | D:1      | 1258 ||| Stepping ~*~*~tactically~*~*~ (stealth).
  1261 | D:1      | 1261 ||| Stepping ~*~*~tactically~*~*~ (stealth).
  1264 | D:1      | 1264 ||| Stepping ~*~*~tactically~*~*~ (stealth).
  1317 | D:1      | 1317 ||| Stepping ~*~*~tactically~*~*~ (hiding).
  1419 | D:1      | 1419 ||| Stepping ~*~*~tactically~*~*~ (hiding).
  1521 | D:1      | 1521 ||| Stepping ~*~*~tactically~*~*~ (hiding).
  1623 | D:1      | 1623 ||| Stepping ~*~*~tactically~*~*~ (hiding).
  1725 | D:1      | 1725 ||| Stepping ~*~*~tactically~*~*~ (hiding).
  1827 | D:1      | 1827 ||| Stepping ~*~*~tactically~*~*~ (hiding).
  1929 | D:1      | 1929 ||| Stepping ~*~*~tactically~*~*~ (hiding).
  2031 | D:1      | 2031 ||| Stepping ~*~*~tactically~*~*~ (hiding).
  2133 | D:1      | 2133 ||| Stepping ~*~*~tactically~*~*~ (hiding).
  2235 | D:1      | 2235 ||| Stepping ~*~*~tactically~*~*~ (hiding).
  2337 | D:1      | 2337 ||| Stepping ~*~*~tactically~*~*~ (hiding).
  2439 | D:1      | 2439 ||| Stepping ~*~*~tactically~*~*~ (hiding).
  2541 | D:1      | 2541 ||| Stepping ~*~*~tactically~*~*~ (hiding).
  2643 | D:1      | 2643 ||| Stepping ~*~*~tactically~*~*~ (hiding).
  2745 | D:1      | 2745 ||| Stepping ~*~*~tactically~*~*~ (hiding).
  2847 | D:1      | 2847 ||| Stepping ~*~*~tactically~*~*~ (hiding).
  2949 | D:1      | 2949 ||| Stepping ~*~*~tactically~*~*~ (hiding).
  3175 | D:1      | 3175 ||| DROPPING ring of wizardry.
  3176 | D:1      | 3176 ||| READING 2 scrolls labelled SUKHLU NIN HISALOG.
  3177 | D:1      | 3177 ||| READING scroll labelled BYCRIKIBLE.
  3178 | D:1      | 3178 ||| READING scroll labelled JAIREA PIEKETTU.
  3179 | D:1      | 3179 ||| DRINKING 2 inky potions.
  3180 | D:1      | 3180 ||| DROPPING scroll of blinking.
  3215 | D:2      | 3215 ||| DROPPING +0 whip.
  3337 | D:2      | 3337 ||| Stepping ~*~*~tactically~*~*~ (stealth).
  3340 | D:2      | 3340 ||| Stepping ~*~*~tactically~*~*~ (stealth).
  3342 | D:2      | 3342 ||| Stepping ~*~*~tactically~*~*~ (stealth).
  3343 | D:2      | 3343 ||| Stepping ~*~*~tactically~*~*~ (stealth).
  3344 | D:2      | 3344 ||| Stepping ~*~*~tactically~*~*~ (stealth).
  3356 | D:2      | 3356 ||| Stepping ~*~*~tactically~*~*~ (stealth).
  3380 | D:2      | Reached XP level 5. HP: 31/32 MP: 5/5
  3719 | D:2      | 3719 ||| UPGRADING to +0 chain mail.
  3729 | D:2      | 3729 ||| DROPPING +0 leather armour.
  3730 | D:2      | 3730 ||| READING scroll labelled OGEEHASM UHANT.
  3781 | D:2      | 3781 ||| READING scroll labelled JEVOFY AMIR.
  3782 | D:2      | 3782 ||| DRINKING 2 viscous brown potions.
  3783 | D:2      | 3783 ||| DROPPING potion of invisibility.
  3831 | D:3      | 3831 ||| Stepping ~*~*~tactically~*~*~ (hiding).
  4073 | D:3      | 4073 ||| Stepping ~*~*~tactically~*~*~ (hiding).
  4074 | D:3      | 4074 ||| Stepping ~*~*~tactically~*~*~ (hiding).
  4083 | D:3      | Reached skill level 1 in Armour
  4191 | D:3      | 4191 ||| READING scroll of enchant weapon.
  4191 | D:3      | 4191 ||| ENCHANTING +0 war axe.
  4370 | D:3      | 4370 ||| UPGRADING to +0 cloak.
  4375 | D:3      | 4375 ||| UPGRADING to +6 ring of strength.
  4419 | D:4      | 4419 ||| FLEEEEING.
  4789 | D:4      | Reached skill level 5 in Axes
  4912 | D:4      | 4912 ||| Stepping ~*~*~tactically~*~*~ (stealth).
  4914 | D:4      | 4914 ||| Stepping ~*~*~tactically~*~*~ (stealth).
  4921 | D:4      | Reached XP level 6. HP: 35/37 MP: 6/6
  4921 | D:4      | 4921 ||| Stepping ~*~*~tactically~*~*~ (stealth).
  4930 | D:4      | 4930 ||| DRINKING potion of curing.
  4930 | D:4      | 4930 ||| (to cure confusion)
  5119 | D:4      | 5119 ||| READING scroll labelled FAERAK NAXZIDAKHUG.
  5220 | D:4      | 5220 ||| READING scroll labelled ELAERINWOA.
  5221 | D:4      | 5221 ||| DRINKING 2 emerald potions.
  5367 | D:5      | Found Haacer's Jewellery Boutique.
  5375 | D:5      | 5375 ||| SHOPLISTING ring "Okucimo" {rPois rF- Will+ Dex+6
                  | SInv} (550 gold, have 308).
  5375 | D:5      | 5375 ||| BUYING ring of see invisible (165 gold).
  5375 | D:5      | Bought a ring of see invisible for 165 gold pieces
  5388 | D:5      | 5388 ||| Stepping ~*~*~tactically~*~*~ (hiding).
  5397 | D:5      | HP: 6/38 [scorpion (4)]
  5398 | D:5      | 5398 ||| READING 3 scrolls of teleportation.
  5399 | D:5      | 5399 ||| DRINKING potion of heal wounds.
  5414 | D:5      | 5414 ||| FLEEEEING.
  5415 | D:5      | 5415 ||| FLEEEEING.
  5417 | D:5      | 5417 ||| STAIRDANCE
  5493 | D:4      | 5493 ||| UPGRADING to ring of see invisible.
  5514 | D:5      | Reached skill level 6 in Axes
  5514 | D:5      | Reached XP level 7. HP: 41/43 MP: 7/7
  5538 | D:5      | Found a staircase to the Ecumenical Temple.
  5539 | D:5      | 5539 ||| PLANNING TEMPLE
  5544 | D:5      | 5544 ||| Stepping ~*~*~tactically~*~*~ (stealth).
  5553 | D:5      | Reached skill level 3 in Armour
  5562 | D:5      | HP: 7/43 [gnoll/+0 spear[a gnoll sergeant] (4)]
  5563 | D:5      | 5563 ||| READING 3 scrolls of teleportation.
  5563 | D:5      | HP: 3/43 [gnoll/+0 spear[a gnoll sergeant] (5)]
  5566 | D:5      | 5566 ||| READING 2 scrolls of teleportation.
  5566 | D:5      | Killed from afar by a white imp

Levels and vault maps discovered:
D:1:      dpeg_arrival_tiny_a, layout_rooms, minmay_stone_trees_small,
          minmay_small_reverse_x
D:2:      layout_basic
D:3:      layout_loops_ring, fedhas_altar_3
D:4:      layout_loops_ring
D:5:      layout_cave_pools, minmay_temple_entry_waves, serial_shops,
          nicolae_shop_hallway_stairs

Skill      XL: |  1  2  3  4  5  6  7 |
---------------+----------------------+-----
Axes           | 2 3 4 5 6 |  6.5
Armour         | 2 3 |  3.3
Fighting       | 4 |  4.0
Dodging        | |  1.5
Stealth        | |  5.4

Action                   |  1- 3 |  4- 6 |  7- 9 || total
-------------------------+-------+-------+-------++-------
Melee: Hand axe          |    47 |       |       ||    47
       War axe           |     5 |   188 |    16 ||   209
       Kick              |     2 |    37 |     5 ||    44
Throw: Boomerang         |       |    16 |       ||    16
  Use: Scroll            |     1 |    10 |     2 ||    13
       Potion            |     2 |     5 |       ||     7
 Stab: Sleeping          |       |     1 |       ||     1
Armor: Leather armour    |    28 |    38 |       ||    66
       Chain mail        |       |    76 |    21 ||    97
Dodge: Dodged            |    33 |    99 |    16 ||   148

Table legend:
 A = Non-vault XP
 B = Vault XP
 C = Vault XP percentage of total XP
 D = Non-vault monster count
 E = Vault monster count
 F = Vault count percentage of total count
                 A         B        C        D         E       F
            +---------+---------+-------+---------+---------+-------
      Total |     906 |       7 |   0.8 |      93 |       4 |   4.1
            +---------+---------+-------+---------+---------+-------
        D:1 |      49 |       7 |  12.5 |      26 |       4 |  13.3
        D:2 |      49 |       0 |   0.0 |      16 |       0 |   0.0
        D:3 |     131 |       0 |   0.0 |      23 |       0 |   0.0
        D:4 |     167 |       0 |   0.0 |      18 |       0 |   0.0
        D:5 |     510 |       0 |   0.0 |      10 |       0 |   0.0
            +---------+---------+-------+---------+---------+-------
